[Event "Early-Titled-Tuesday-Blitz-April-23-2024"]
[Site "Chess.com"]
[Date "2024.04.23"]
[Round "1"]
[White "AccioChess"]
[Black "Moultino06"]
[Result "1/2-1/2"]
[WhiteElo "2445"]
[BlackElo "2760"]
[TimeControl "180+1"]
[EndTime "8:10:18 PDT"]
[Termination "Game drawn - insufficient material"]

1. e4 c5 2. Nf3 e6 3. c3 d5 4. e5 d4 5. Bb5+ Bd7 6. Bxd7+ Nxd7 7. O-O Ne7 8. d3 Nc6 9. Bf4 Be7 10. Re1 g5 11. Bg3 g4 12. Nfd2 h5 13. Nc4 b5 14.
Nd6+ Bxd6 15. exd6 e5 16. Nd2 h4 17. Bxe5 Ndxe5 18. cxd4 cxd4 19. Qxg4 Qxd6 20. f4 Kf8 21. fxe5 Nxe5 22. Qe4 Re8 23. Nf3 Nxf3+ 24. Qxf3 Rxe1+ 25. Rxe1 Rh6 26. Re4 Kg7 27. Rg4+ Rg6 28. Rxh4 Qb4 29. Qf2 Rd6 30. Rg4+ Kf8 31. Rf4 Rd7 32. h3 Qa4 33. b3 Qb4 34. Kh2 Qd6 35. Qg3 Qe6 36. Re4 Qd6 37. Re5 f6 38. Rxb5 Qxg3+ 39. Kxg3 Rc7 40.
Ra5 Rc3 41. Rxa7 Rxd3+ 42. Kf4 Rd2 43. g4 Re2 44. Rd7 Rxa2 45. Rxd4 Rb2 46. Rb4 Kf7 47.
Rb6 Rf2+ 48. Kg3 Rc2 49. h4 Kg6 50. h5+ Kg5 51. Rb5+ Kh6 52. Rf5 Rc3+ 53. Rf3 Rc6 54. b4 Kg5 55. Rf5+ Kh6 56. b5 Rb6 57. Kf4 Kg7 58. Rc5 Rd6 59. Kf5 Kh6 60. Rc6 Rd5+ 61. Kxf6 Rxb5 62. Re6 Ra5 63. Kf7+ Kh7 64. Rg6 Ra4 65.
Kf6 Ra5 66. Ke6 Rb5 67. Kf7 Rb7+ 68. Kf6 Rb5 69. Rg7+ Kh6 70. g5+ Kxh5 71. Rh7+ Kg4 72. g6 Rb6+ 73. Kg7 Kg5 74. Rh1 Rb7+ 75. Kf8 Kf6 76.
Rf1+ Kxg6 77. Rg1+ Kf6 78. Rf1+ Ke5 79. Re1+ Kf4 80.
Rf1+ Ke3 81. Re1+ Kd3 82. Re7 Rb6 83. Kf7 Kd4 84. Rd7+ Ke5 85. Ra7 Rh6 86. Ra5+ Kd4 87.
Ra4+ Kc5 88. Ra5+ Kb6 89. Rg5 Kc7 90. Ra5 Rh1 91. Ra2 Rf1+ 92. Ke6 Kd8 93. Ra8+ Kc7 94.
Ra7+ Kb6 95. Ra2 Re1+ 96. Kd5 Rd1+ 97. Kc4 Kc6 98. Ra6+ Kb7 99. Rh6 Rg1 100. Kb4 Kc7 101. Kc4 Kd7 102. Kd5 Ke7 103. Kc5 Kf7 104. Ra6 Rd1 105.
Kc4 Ke7 106. Kc5 Kd7 107. Kc4 Kc7 108. Rh6 Rc1+ 109. Kd5 Rg1 110. Kd4 Kb7 111. Kc4 Rc1+ 112. Kd5 Rb1 113. Kc5 Ka7 114. Kc4 Rb7 115. Kc5 Rg7 116. Kc4 Rg5 117. Kb4 Kb7 118. Kc4 Kc7 119. Kd4 Kd7 120. Kc4 Ke7 121. Kd4 Kf7 122. Kc4 Rf5 123. Ra6 Rf6 124. Rxf6+ Kxf6 1/2-1/2

[Event "Early-Titled-Tuesday-Blitz-April-23-2024"]
[Site "Chess.com"]
[Date "2024.04.23"]
[Round "2"]
[White "jaskol95"]
[Black "DuleMudule"]
[Result "0-1"]
[WhiteElo "2562"]
[BlackElo "2826"]
[TimeControl "180+1"]
[EndTime "8:12:21 PDT"]
[Termination "DuleMudule won by resignation"]

1. d4 d5 2. c4 Bf5 3. cxd5 Bxb1 4. Rxb1 Qxd5 5. Nf3 Nc6 6. Qa4 e5 7. dxe5 Bb4+ 8. Bd2 Qe4 9. Qd1 O-O-O 10. a3 Nxe5 11.
e3 Nxf3+ 12. gxf3 Bxd2+ 13. Qxd2 Qxb1+ 0-1

[Event "Early-Titled-Tuesday-Blitz-April-23-2024"]
[Site "Chess.com"]
[Date "2024.04.23"]
[Round "2"]
[White "gpsji27"]
[Black "Tonychess32"]
[Result "0-1"]
[WhiteElo "2305"]
[BlackElo "2542"]
[TimeControl "180+1"]
[EndTime "8:12:21 PDT"]
[Termination "Tonychess32 won by resignation"]

1. d4 d5 2. Nf3 Nf6 3. Bg5 Ne4 4. Bh4 Bf5 5. Nbd2 c6 6. c3 Qc7 7. e3 e6 8. Bd3 Bd6 9. Bg3 Nxg3 10. hxg3 Bxd3 0-1

[Event "Early-Titled-Tuesday-Blitz-April-23-2024"]
[Site "Chess.com"]
[Date "2024.04.23"]
[Round "2"]
[White "microbear"]
[Black "sathvikadiga"]
[Result "0-1"]
[WhiteElo "2368"]
[BlackElo "2626"]
[TimeControl "180+1"]
[EndTime "8:12:28 PDT"]
[Termination "sathvikadiga won by resignation"]

1. e4 e6 2. d4 d5 3. exd5 exd5 4. c4 Nf6 5. Nf3 Bb4+ 6. Bd2 Bxd2+ 7. Nbxd2 O-O 8. Be2 Re8 9. O-O Nc6 10. Re1 Be6 11.
c5 Ne4 12. Rc1 Qf6 13. Bd3 Bf5 14. Bxe4 dxe4 15. d5 Nb4 16. Qb3 Nd3 0-1

[Event "Early-Titled-Tuesday-Blitz-April-23-2024"]
[Site "Chess.com"]
[Date "2024.04.23"]
[Round "2"]
[White "whitemirrorninja"]
[Black "dianamirza"]
[Result "1-0"]
[WhiteElo "2456"]
[BlackElo "1968"]
[TimeControl "180+1"]
[EndTime "8:12:49 PDT"]
[Termination "whitemirrorninja won by resignation"]

1. c4 c5 2. b3 e5 3. Bb2 d6 4. g3 g6 5. Bg2 Bg7 6. Nc3 Ne7 7. e3 Nbc6 8. h4 O-O 9. h5 f5 10. hxg6 hxg6 11. Nf3 f4 12. gxf4 exf4 13. Ng5 fxe3 14. dxe3 Nf5 15. Qd5+ 1-0

[Event "Early-Titled-Tuesday-Blitz-April-23-2024"]
[Site "Chess.com"]
[Date "2024.04.23"]
[Round "2"]
[White "DenLaz"]
[Black "GP9isback23"]
[Result "1-0"]
[WhiteElo "3118"]
[BlackElo "2669"]
[TimeControl "180+1"]
[EndTime "8:12:56 PDT"]
[Termination "DenLaz won by resignation"]

1. d4 Nf6 2. c4 e6 3. Nf3 b6 4.
g3 Bb7 5. Bg2 Be7 6. O-O O-O 7.
Nc3 Ne4 8. Bd2 f5 9. Ne5 d6 10.
Nd3 Bf6 11. Nf4 Qe7 12. Nxe4 fxe4 13. d5 exd5 14. cxd5 a5 15. Ne6 Bxd5 16. Nxf8 Kxf8 17. Bc3 Bxc3 18. Qxd5 1-0

[Event "Early-Titled-Tuesday-Blitz-April-23-2024"]
[Site "Chess.com"]
[Date "2024.04.23"]
[Round "2"]
[White "cthulhuuu"]
[Black "lluiss"]
[Result "1-0"]
[WhiteElo "2479"]
[BlackElo "2134"]
[TimeControl "180+1"]
[EndTime "8:13:07 PDT"]
[Termination "cthulhuuu won by resignation"]

1. e4 c5 2. Nf3 d6 3. g3 e5 4. Bg2 Nc6 5. O-O g6 6. d3 Bg7 7. Nc3 Nge7 8. Nd2 O-O 9. Nc4 Be6 10. Nd5 Qd7 11. a4 Rab8 12. c3 b6 13. Qb3 Bh3 14.
Bxh3 Qxh3 15. Nxd6 Kh8 16. Nxe7 Nxe7 17. Nxf7+ Rxf7 18.
Qxf7 Rf8 19. Qxe7 1-0

[Event "Early-Titled-Tuesday-Blitz-April-23-2024"]
[Site "Chess.com"]
[Date "2024.04.23"]
[Round "2"]
[White "Baku_Boulevard"]
[Black "Gennady_Kozlov"]
[Result "1-0"]
[WhiteElo "3042"]
[BlackElo "2648"]
[TimeControl "180+1"]
[EndTime "8:13:13 PDT"]
[Termination "Baku_Boulevard won by resignation"]

1. e4 e6 2. d4 d5 3. e5 c5 4.
c3 Nc6 5. Nf3 Qb6 6. Bd3 Bd7 7.
O-O cxd4 8. cxd4 Nxd4 9. Nbd2 Nxf3+ 10. Nxf3 Bc5 11. b4 Bxb4 12. Rb1 Qa5 13. a3 Bc5 14. Rxb7 Bc6 15. Bd2 Qxa3 16. Rb3 Qa4 17. Qc2 Ne7 18.
Rfb1 O-O 19. Qxc5 1-0

[Event "Early-Titled-Tuesday-Blitz-April-23-2024"]
[Site "Chess.com"]
[Date "2024.04.23"]
[Round "2"]
[White "Itay121"]
[Black "dontcatchmeifyoucant"]
[Result "0-1"]
[WhiteElo "2531"]
[BlackElo "2342"]
[TimeControl "180+1"]
[EndTime "8:13:30 PDT"]
[Termination "dontcatchmeifyoucant won by resignation"]

1. e4 c5 2. c3 Nf6 3. e5 Nd5 4. d4 cxd4 5. cxd4 e6 6. Nc3 Nxc3 7. bxc3 d6 8. Nf3 Nd7 9. exd6 Bxd6 10. Bd3 Qc7 11.
O-O O-O 12. Qc2 h6 13. Re1 b6 14. Rb1 Bb7 15. Bh7+ Kh8 16. Be4 Rac8 17. Bxb7 Qxb7 18. Re4 Rxc3 19. Qxc3 Qxe4 20. Be3 Qxb1+ 21. Ne1 Bb4 22. Bd2 Bxc3 23. Bxc3 Nf6 24. f3 Nd5 0-1

[Event "Early-Titled-Tuesday-Blitz-April-23-2024"]
[Site "Chess.com"]
[Date "2024.04.23"]
[Round "2"]
[White "duone"]
[Black "BashirovKemal"]
[Result "1-0"]
[WhiteElo "2432"]
[BlackElo "2736"]
[TimeControl "180+1"]
[EndTime "8:13:34 PDT"]
[Termination "duone won by resignation"]

1. e4 c5 2. Nf3 d6 3. d4 cxd4 4. Nxd4 Nf6 5. Nc3 a6 6. h3 e5 7. Nf3 Be7 8. g4 h6 9. Rg1 Nc6 10. Be3 Be6 11. g5 hxg5 12. Nxg5 Bd7 13. Bc4 O-O 14.
h4 b5 15. Bb3 b4 16. Nd5 Na5 17. Nxf6+ Bxf6 18. Qh5 Bxg5 19. hxg5 Nxb3 20. Rh1 1-0

[Event "Early-Titled-Tuesday-Blitz-April-23-2024"]
[Site "Chess.com"]
[Date "2024.04.23"]
[Round "2"]
[White "Maluco_do_Natal_00"]
[Black "GrotBchess"]
[Result "0-1"]
[WhiteElo "2031"]
[BlackElo "2464"]
[TimeControl "180+1"]
[EndTime "8:13:35 PDT"]
[Termination "GrotBchess won by resignation"]

1. e4 c5 2. Nf3 e6 3. d4 cxd4 4. Nxd4 Nf6 5. Nc3 Bb4 6. e5 Nd5 7. Bd2 Nxc3 8. bxc3 Be7 9. Qg4 O-O 10. Bh6 g6 11.
Bxf8 Bxf8 12. h4 Qa5 13. Qg3 Bg7 14. f4 d6 15. Nb3 Qc7 16. Qe3 dxe5 17. fxe5 Bxe5 18.
Nd4 Bg3+ 19. Kd2 Bf4 0-1

[Event "Early-Titled-Tuesday-Blitz-April-23-2024"]
[Site "Chess.com"]
[Date "2024.04.23"]
[Round "2"]
[White "Kostukov_Alex"]
[Black "Journey_to_GrandMaster_YT"]
[Result "0-1"]
[WhiteElo "2324"]
[BlackElo "2554"]
[TimeControl "180+1"]
[EndTime "8:13:36 PDT"]
[Termination "Journey_to_GrandMaster_YT won by resignation"]

1. g3 d6 2. Bg2 Nf6 3. d4 Nbd7 4. Nf3 e5 5. O-O e4 6. Ng5 d5 7. c4 c6 8. Nc3 h6 9. Nh3 Be7 10. cxd5 cxd5 11. f3 exf3 12. exf3 O-O 13. Be3 Nb6 14. b3 Re8 15. Bf2 Bf5 16. g4 Bh7 17. Nf4 Rc8 18.
Nfe2 Bb4 19. Be1 Qe7 20. Nf4 Qe3+ 0-1

[Event "Early-Titled-Tuesday-Blitz-April-23-2024"]
[Site "Chess.com"]
[Date "2024.04.23"]
[Round "2"]
[White "CrgKrishna"]
[Black "Larina_Maria"]
[Result "1-0"]
[WhiteElo "2716"]
[BlackElo "2346"]
[TimeControl "180+1"]
[EndTime "8:13:41 PDT"]
[Termination "CrgKrishna won by resignation"]

1. d4 f5 2. c4 Nf6 3. Nc3 d6 4.
g3 g6 5. Bg2 Bg7 6. Nf3 O-O 7.
O-O Nc6 8. d5 Ne5 9. Nxe5 dxe5 10. e4 f4 11. gxf4 exf4 12. e5 Ng4 13. e6 Ne5 14. Re1 Nxc4 15. Re4 Nd6 16. Rxf4 Rxf4 17. Bxf4 Rb8 18. h4 c6 19. h5 Nf5 20. Bxb8 1-0

[Event "Early-Titled-Tuesday-Blitz-April-23-2024"]
[Site "Chess.com"]
[Date "2024.04.23"]
[Round "2"]
[White "Kostya0705"]
[Black "JJDAREK"]
[Result "1-0"]
[WhiteElo "2548"]
[BlackElo "2318"]
[TimeControl "180+1"]
[EndTime "8:13:59 PDT"]
[Termination "Kostya0705 won by resignation"]

1. e4 d6 2. d4 g6 3. Nf3 Bg7 4.
Nc3 a6 5. h4 h6 6. Be3 b5 7.
Qd2 Bb7 8. Bd3 Nd7 9. d5 Ngf6 10. O-O-O c5 11. dxc6 Bxc6 12. Kb1 b4 13. Nd5 Bxd5 14. exd5 Nxd5 15. Bxg6 Nxe3 16. Qxe3 fxg6 17. Rxd6 O-O 18. Qe6+ Kh8 19. Rxd7 Qa5 20. Qxe7 Rg8 21. h5 g5 22. Re1 Rae8 23. Qxe8 Rxe8 24. Rxe8+ Kh7 25. Ree7 Qb5 26. Rxg7+ Kh8 27. Rge7 1-0

[Event "Early-Titled-Tuesday-Blitz-April-23-2024"]
[Site "Chess.com"]
[Date "2024.04.23"]
[Round "2"]
[White "rasmussvane"]
[Black "NovozhilovSemen"]
[Result "1-0"]
[WhiteElo "2974"]
[BlackElo "2638"]
[TimeControl "180+1"]
[EndTime "8:14:01 PDT"]
[Termination "rasmussvane won by resignation"]

1. Nf3 Nf6 2. g3 d5 3. Bg2 c6 4. O-O Bg4 5. h3 Bh5 6. d4 Nbd7 7. c4 e6 8. cxd5 cxd5 9. Qb3 Qb6 10. Nc3 Bd6 11.
e4 Nxe4 12. Nxe4 dxe4 13. Ng5 O-O 14. Nxe4 Bb4 15. Be3 a5 16. d5 Qa6 17. a3 Be7 18. d6 Bxd6 19. g4 Bg6 20. Nxd6 Qxd6 21. Rfd1 Qe7 22. Qxb7 Rfd8 23. Rxd7 1-0

[Event "Early-Titled-Tuesday-Blitz-April-23-2024"]
[Site "Chess.com"]
[Date "2024.04.23"]
[Round "2"]
[White "kylelancman"]
[Black "frequentblunders"]
[Result "1-0"]
[WhiteElo "2489"]
[BlackElo "2200"]
[TimeControl "180+1"]
[EndTime "8:14:06 PDT"]
[Termination "kylelancman won by resignation"]

1. e4 e6 2. d4 c5 3. Nc3 cxd4 4. Qxd4 Nc6 5. Qd2 Nf6 6. b3 Bb4 7. Bd3 O-O 8. Bb2 d5 9. exd5 exd5 10. a3 Re8+ 11.
Nge2 Ba5 12. b4 Bb6 13. O-O Be6 14. Nf4 Nd4 15. Nb5 Nxb5 16. Bxb5 Bd7 17. Bxd7 Qxd7 18. Bxf6 gxf6 19. Qxd5 Qxd5 20. Nxd5 Bd4 21. Rad1 Bb2 22. Rb1 Bxa3 23. Rb3 Re5 24. Ne3 1-0

[Event "Early-Titled-Tuesday-Blitz-April-23-2024"]
[Site "Chess.com"]
[Date "2024.04.23"]
[Round "2"]
[White "Hikaru"]
[Black "temiksmozg"]
[Result "1-0"]
[WhiteElo "3291"]
[BlackElo "2675"]
[TimeControl "180+1"]
[EndTime "8:14:07 PDT"]
[Termination "Hikaru won by resignation"]

1. h4 e5 2. c4 Nf6 3. Nc3 d5 4. cxd5 Nxd5 5. g3 Be6 6. Nf3 Nc6 7. Ng5 Nxc3 8. bxc3 Qd7 9. Nxe6 Qxe6 10. Qb3 Qxb3 11.
axb3 Bc5 12. Bg2 O-O-O 13. e3 Rhe8 14. g4 e4 15. Ra4 Ne5 16. Rxe4 Nd3+ 17. Ke2 Nxc1+ 18.
Rxc1 Rxe4 19. Bxe4 h6 20. h5 c6 21. f4 Kc7 22. d4 Be7 23. b4 Ra8 24. Ra1 b6 25. b5 1-0

[Event "Early-Titled-Tuesday-Blitz-April-23-2024"]
[Site "Chess.com"]
[Date "2024.04.23"]
[Round "2"]
[White "The_Sherman_Variation"]
[Black "Real_taiatai"]
[Result "1-0"]
[WhiteElo "2723"]
[BlackElo "2400"]
[TimeControl "180+1"]
[EndTime "8:14:13 PDT"]
[Termination "The_Sherman_Variation won by resignation"]

1. g4 e5 2. h4 d5 3. g5 Nc6 4. d3 Bc5 5. e3 h6 6. g6 f5 7. Nc3 Nf6 8. Bg2 O-O 9. Nge2 Be6 10. d4 exd4 11. exd4 Bd6 12. Bf4 Ne4 13. Nxe4 fxe4 14.
Qd2 Ne7 15. O-O-O Nxg6 16. Be3 Ne7 17. Nf4 Bf7 18. Bh3 c6 19. Rdg1 Kh8 20. Ne6 Bxe6 21. Bxh6 Ng8 22. Bxg7+ Kh7 23. Bxe6 Bf4 24. Bxg8+ Kxg8 25. Be5+ Kh7 26. Bxf4 Qf6 27. Be5 1-0

[Event "Early-Titled-Tuesday-Blitz-April-23-2024"]
[Site "Chess.com"]
[Date "2024.04.23"]
[Round "2"]
[White "Kotofeyca"]
[Black "vasblesk"]
[Result "0-1"]
[WhiteElo "2478"]
[BlackElo "2804"]
[TimeControl "180+1"]
[EndTime "8:14:14 PDT"]
[Termination "vasblesk won by resignation"]

1. d4 d5 2. c4 c6 3. Nc3 Nf6 4. cxd5 cxd5 5. Bf4 Nc6 6. e3 Bf5 7. Nf3 e6 8. Bb5 Bd6 9. Qa4 O-O 10. Bxc6 bxc6 11. Bxd6 Qxd6 12. O-O Rfb8 13. b3 a5 14. Rac1 Bd3 15. Rfd1 Bb5 16. Nxb5 cxb5 0-1

[Event "Early-Titled-Tuesday-Blitz-April-23-2024"]
[Site "Chess.com"]
[Date "2024.04.23"]
[Round "2"]
[White "Prizant_academy"]
[Black "ChadBiryani"]
[Result "1-0"]
[WhiteElo "2930"]
[BlackElo "2440"]
[TimeControl "180+1"]
[EndTime "8:14:23 PDT"]
[Termination "Prizant_academy won by resignation"]

1. d4 f5 2. Qd3 d6 3. g4 fxg4 4. h3 Nf6 5. Bg5 g6 6. hxg4 Bxg4 7. Bh3 Qd7 8. Bxf6 exf6 9. Qe4+ Kf7 10. Qxg4 f5 11.
Qf3 Nc6 12. e3 Bg7 13. Nc3 Rae8 14. O-O-O a6 15. Nge2 b5 16. Qd5+ Kf8 17. Nf4 Nb4 18. Qb3 Nc6 19. Bg2 Na5 20. Qa3 Nc4 21. Qxa6 Rb8 22.
Bc6 Qe7 23. Bxb5 Nb6 24. Bc4 Bf6 25. Ne6+ 1-0

[Event "Early-Titled-Tuesday-Blitz-April-23-2024"]
[Site "Chess.com"]
[Date "2024.04.23"]
[Round "2"]
[White "bascheyaro"]
[Black "a_kandil"]
[Result "0-1"]
[WhiteElo "2802"]
[BlackElo "2507"]
[TimeControl "180+1"]
[EndTime "8:14:24 PDT"]
[Termination "a_kandil won by resignation"]

1. d4 Nf6 2. c4 g6 3. Nf3 Bg7 4. Nc3 d5 5. Bf4 O-O 6. e3 c5 7.
h3 Nc6 8. dxc5 Qa5 9. Nd4 Ne4 10. Qa4 Nxc3 11. Qxa5 Nxa5 12. bxc3 e5 13. cxd5 exf4 14.
exf4 Rd8 15. d6 Nc6 16. O-O-O Nxd4 17. cxd4 Bd7 18. Kc2 Ba4+ 19. Kd2 Bxd1 20. Kxd1 Bxd4 21. Bc4 Bxc5 22. Ke2 Rxd6 23. Rc1 Re8+ 24. Kf3 b6 25. Rc2 Red8 26. Ke2 Kg7 27. g3 Bb4 28. Kf3 Rd2 29. Rc1 Rd1 30. Rxd1 Rxd1 31. h4 Rd2 32. f5 Bc5 33. fxg6 hxg6 0-1

[Event "Early-Titled-Tuesday-Blitz-April-23-2024"]
[Site "Chess.com"]
[Date "2024.04.23"]
[Round "2"]
[White "marcodobrikov"]
[Black "stepanosinovsky"]
[Result "1-0"]
[WhiteElo "2673"]
[BlackElo "2391"]
[TimeControl "180+1"]
[EndTime "8:14:28 PDT"]
[Termination "marcodobrikov won by resignation"]

1. c4 Nf6 2. g3 g6 3. Bg2 Bg7 4. Nf3 O-O 5. O-O d6 6. d4 Nbd7 7. b3 e5 8. dxe5 Ng4 9. Bb2 Ndxe5 10. Nd4 Qg5 11. Nc3 Qh5 12. h3 Nh6 13. f4 Bxh3 14. fxe5 Bxe5 15. Nd5 Bxg3 16. Nf6+ Kh8 17. Nxh5 Bxg2 18.
Ne6+ Kg8 19. Nf6+ Kh8 20. Nd5+ Be5 21. Bxe5+ dxe5 22. Nxf8 Rxf8 23. Kxg2 1-0

[Event "Early-Titled-Tuesday-Blitz-April-23-2024"]
[Site "Chess.com"]
[Date "2024.04.23"]
[Round "2"]
[White "RandomNoob04"]
[Black "Msb2"]
[Result "0-1"]
[WhiteElo "2657"]
[BlackElo "3077"]
[TimeControl "180+1"]
[EndTime "8:14:30 PDT"]
[Termination "Msb2 won by resignation"]

1. e4 e6 2. d4 d5 3. e5 c5 4. c3 Nc6 5. Nf3 Nge7 6. Bd3 cxd4 7.
cxd4 Nf5 8. Bxf5 exf5 9. O-O Be7 10. Nc3 Be6 11. a3 g5 12. b4 Rc8 13. Bb2 f4 14.
Rc1 Bf5 15. Qb3 g4 16. Nxd5 Be6 17. Rc5 Bxc5 0-1

[Event "Early-Titled-Tuesday-Blitz-April-23-2024"]
[Site "Chess.com"]
[Date "2024.04.23"]
[Round "2"]
[White "JiaHaoxiang"]
[Black "Kiborg95"]
[Result "0-1"]
[WhiteElo "2577"]
[BlackElo "2846"]
[TimeControl "180+1"]
[EndTime "8:14:32 PDT"]
[Termination "Kiborg95 won by resignation"]

1. d4 d6 2. Nf3 Nf6 3. g3 Nbd7 4. Bg2 e5 5. O-O e4 6. Ne1 d5 7. c4 c6 8. Nc3 Bb4 9. Nc2 Bxc3 10. bxc3 dxc4 11. a4 O-O 12. Ne3 Nb6 13. Qc2 a5 14. Ba3 Re8 15. Rab1 Be6 16. Bc5 Nfd7 17. Bxe4 Nxc5 18.
Bxh7+ Kh8 19. dxc5 Nd7 20. Bf5 Nxc5 21. Bxe6 Rxe6 22.
Nxc4 Qf6 23. Rfd1 Ne4 24. Rd4 Qxf2+ 25. Kh1 Rh6 0-1

[Event "Early-Titled-Tuesday-Blitz-April-23-2024"]
[Site "Chess.com"]
[Date "2024.04.23"]
[Round "2"]
[White "Lupul_Cenusiu"]
[Black "ljuks68"]
[Result "1-0"]
[WhiteElo "2689"]
[BlackElo "2392"]
[TimeControl "180+1"]
[EndTime "8:14:52 PDT"]
[Termination "Lupul_Cenusiu won by resignation"]

1. e4 e6 2. d4 d5 3. Bd3 dxe4 4. Bxe4 Nf6 5. Bf3 Nbd7 6. Ne2 Bd6 7. O-O e5 8. Ng3 O-O 9. Nf5 e4 10. Nxd6 cxd6 11. Be2 d5 12. c4 dxc4 13. Bxc4 Nb6 14.
Bb3 Nfd5 15. Nc3 Nxc3 16. bxc3 Kh8 17. Re1 f5 18. Bf4 Qf6 19. Re3 Be6 20. Be5 Qf7 21.
Rg3 Rg8 22. Bxe6 Qxe6 23. Qh5 h6 24. Rg6 1-0

[Event "Early-Titled-Tuesday-Blitz-April-23-2024"]
[Site "Chess.com"]
[Date "2024.04.23"]
[Round "2"]
[White "StelaSfw"]
[Black "Flaccidmoves"]
[Result "0-1"]
[WhiteElo "1719"]
[BlackElo "2447"]
[TimeControl "180+1"]
[EndTime "8:14:56 PDT"]
[Termination "Flaccidmoves won by checkmate"]

1. Nf3 d5 2. g3 c6 3. Bg2 Nf6 4. d4 Bf5 5. O-O e6 6. Re1 Be7 7. Nbd2 O-O 8. c4 Nbd7 9. c5 b6 10. b4 a5 11. cxb6 axb4 12. Qb3 Qxb6 13. Bb2 c5 14. dxc5 Nxc5 15. Qd1 Nce4 16. Nxe4 Nxe4 17. e3 Rfc8 18. Nd4 Bg6 19. Nb3 Nc3 20. Qd4 Qxd4 21.
Nxd4 Bf6 22. Red1 Nxd1 23. Rxd1 Rxa2 24. Ba1 h5 25. Bf3 h4 26. gxh4 Bxh4 27. Rf1 Bxf2+ 28. Rxf2 Rxa1+ 29. Kg2 e5 30. Nb3 Ra3 31. Bxd5 Rc3 32. e4 Raxb3 33. Bxb3 Bxe4+ 34. Kf1 Rxb3 35. Re2 Bd3 36.
Kf2 Bxe2 37. Kxe2 Rc3 38. Kd2 Rc8 39. h4 b3 40. Ke3 b2 41. Ke4 b1=Q+ 42. Kxe5 Qb5+ 43. Ke4 Rc4+ 44. Ke3 Qb3+ 45. Kf2 Rc2+ 46. Kg1 Qb1# 0-1

[Event "Early-Titled-Tuesday-Blitz-April-23-2024"]
[Site "Chess.com"]
[Date "2024.04.23"]
[Round "2"]
[White "Barmen_EV"]
[Black "Matols"]
[Result "0-1"]
[WhiteElo "2566"]
[BlackElo "2370"]
[TimeControl "180+1"]
[EndTime "8:14:58 PDT"]
[Termination "Matols won by resignation"]

1. e4 c6 2. d4 d5 3. e5 c5 4.
c3 Nc6 5. h3 cxd4 6. cxd4 Bf5 7. Nf3 e6 8. Nc3 Bb4 9. Bd3 Nge7 10. O-O O-O 11. Bxf5 Nxf5 12. Qd3 Rc8 13. Bg5 Qb6 14.
Nxd5 exd5 15. Qxf5 Nxd4 16. Nxd4 Qxd4 17. a3 Ba5 18.
Rad1 Qxb2 19. Rxd5 Bb6 20. Rd7 Rc2 21. Be7 Re8 22. e6 fxe6 23. Qxe6+ Kh8 24. Bf6 Rxe6 25. Bxb2 Rxb2 26. Rxb7 h6 27. h4 Bxf2+ 28. Rxf2 Rxb7 0-1

[Event "Early-Titled-Tuesday-Blitz-April-23-2024"]
[Site "Chess.com"]
[Date "2024.04.23"]
[Round "2"]
[White "Khromkin"]
[Black "TangerineandLemon25"]
[Result "0-1"]
[WhiteElo "2367"]
[BlackElo "2623"]
[TimeControl "180+1"]
[EndTime "8:15:08 PDT"]
[Termination "TangerineandLemon25 won on time"]

1. d4 d5 2. c4 e6 3. Nc3 a6 4. cxd5 exd5 5. Qc2 h6 6. Nf3 Nf6 7. Bf4 Bd6 8. Be5 c6 9. e3 O-O 10. Bd3 Qe7 11. O-O-O Bxe5 12. Nxe5 c5 13. f4 c4 14. Bf5 b5 15. g4 b4 16. Na4 Bxf5 17. gxf5 Nbd7 18. Rhg1 Ne4 19. Nxd7 Qxd7 20. Nc5 Qxf5 21.
Nxe4 dxe4 22. Kb1 Rac8 23. Rd2 c3 24. Rdg2 g6 25. b3 a5 0-1

[Event "Early-Titled-Tuesday-Blitz-April-23-2024"]
[Site "Chess.com"]
[Date "2024.04.23"]
[Round "2"]
[White "Makswolf200817"]
[Black "GM4life"]
[Result "1-0"]
[WhiteElo "2788"]
[BlackElo "2509"]
[TimeControl "180+1"]
[EndTime "8:15:09 PDT"]
[Termination "Makswolf200817 won by resignation"]

1. d4 Nf6 2. c4 g6 3. g3 Bg7 4.
Bg2 O-O 5. Nc3 c5 6. d5 d6 7. Nf3 e6 8. O-O exd5 9. cxd5 Re8 10. Bf4 h6 11. Re1 Ne4 12. Nxe4 Rxe4 13. Nd2 Rxf4 14.
gxf4 Bxb2 15. Rb1 Bg7 16. e4 b6 17. e5 Bf5 18. Rb3 Na6 19. Nc4 dxe5 20. fxe5 Nb4 21. Ne3 Bd7 22. a3 Na6 23. Qe2 b5 24. e6 fxe6 25.
dxe6 Bxe6 26. Rxb5 Bd7 27. Rb7 Nb8 28. Rd1 Bd4 29.
Nc2 Bf5 30. Nxd4 cxd4 31. Qc4+ 1-0

[Event "Early-Titled-Tuesday-Blitz-April-23-2024"]
[Site "Chess.com"]
[Date "2024.04.23"]
[Round "2"]
[White "DeArron_Fox"]
[Black "margarita_2703"]
[Result "1-0"]
[WhiteElo "2538"]
[BlackElo "2300"]
[TimeControl "180+1"]
[EndTime "8:15:09 PDT"]
[Termination "DeArron_Fox won by checkmate"]

1. d4 d5 2. c4 e6 3. Nc3 Nf6 4. cxd5 exd5 5. Bg5 c6 6. e3 h6 7. Bh4 Be7 8. Bd3 O-O 9. Nge2 Nbd7 10. O-O Re8 11. f3 a6 12. h3 c5 13. Rc1 cxd4 14. Nxd4 Ne5 15. Bb1 Nc4 16. Re1 Be6 17. Qc2 g5 18.
Bf2 Rc8 19. Nxe6 fxe6 20. Qg6+ Kf8 21. Qxh6+ Kf7 22. Bg6+ Kg8 23. Qxg5 Rf8 24. Bf5+ Kh8 25. Qh6+ Nh7 26. Qxh7# 1-0

[Event "Early-Titled-Tuesday-Blitz-April-23-2024"]
[Site "Chess.com"]
[Date "2024.04.23"]
[Round "2"]
[White "SpeedofLight0"]
[Black "LikeWater"]
[Result "1-0"]
[WhiteElo "3085"]
[BlackElo "2658"]
[TimeControl "180+1"]
[EndTime "8:15:14 PDT"]
[Termination "SpeedofLight0 won by resignation"]

1. d4 Nf6 2. Nc3 d6 3. e4 e5 4. Nf3 exd4 5. Nxd4 Be7 6. g3 O-O 7. Bg2 Re8 8. O-O c6 9. h3 Bf8 10. f4 Na6 11. g4 Nc5 12. Re1 a5 13. g5 Nfd7 14.
Nf5 d5 15. exd5 Rxe1+ 16. Qxe1 Nf6 17. dxc6 Bxf5 18. cxb7 Nxb7 19. gxf6 Ra6 20. Be3 Rxf6 21. Bxb7 Bxh3 22. Be4 Bb4 23. Rd1 Qc8 24. Qg3 h5 25. Nd5 1-0

[Event "Early-Titled-Tuesday-Blitz-April-23-2024"]
[Site "Chess.com"]
[Date "2024.04.23"]
[Round "2"]
[White "TacticalSam94"]
[Black "UK_23"]
[Result "0-1"]
[WhiteElo "2193"]
[BlackElo "2487"]
[TimeControl "180+1"]
[EndTime "8:15:15 PDT"]
[Termination "UK_23 won by checkmate"]

1. e4 c5 2. Nf3 e6 3. d4 cxd4 4. Nxd4 Nc6 5. Nc3 Nf6 6. Be3 Bb4 7. Nxc6 bxc6 8. Bd3 d5 9. exd5 cxd5 10. O-O O-O 11. Bd4 Re8 12. a3 Bd6 13. f4 Bb7 14. Qf3 a6 15.
Rae1 Rc8 16. b4 a5 17. Qh3 g6 18. Nb5 Bb8 19. c3 axb4 20. axb4 Ne4 21. Qh6 f6 22.
h4 e5 23. fxe5 fxe5 24. h5 Qh4 25. Bxe4 dxe4 26. Rf7 Qxe1+ 27. Kh2 exd4+ 28. Kh3 Qg3# 0-1

[Event "Early-Titled-Tuesday-Blitz-April-23-2024"]
[Site "Chess.com"]
[Date "2024.04.23"]
[Round "2"]
[White "Louis-Paulsen-Fan"]
[Black "ural58"]
[Result "0-1"]
[WhiteElo "2335"]
[BlackElo "2560"]
[TimeControl "180+1"]
[EndTime "8:15:21 PDT"]
[Termination "ural58 won by resignation"]

1. d4 d5 2. Nf3 Nc6 3. c4 e5 4.
cxd5 Qxd5 5. Nc3 Bb4 6. e3 exd4 7.
exd4 Bg4 8. Be2 Bxf3 9. Bxf3 Qc4 10. Bxc6+ bxc6 11. Qe2+ Qxe2+ 12. Kxe2 Kd7 13. Ne4 Ne7 14.
a3 Bd6 15. Be3 a5 16. Rac1 Rhb8 17. Rc2 h6 18. Rd1 f5 19. Nc3 f4 20. Bc1 Nd5 21. Nxd5 cxd5 22. Rd3 Re8+ 23. Kf3 g5 24. h4 Re4 25. hxg5 hxg5 26. Kg4 f3+ 27. Kh5 fxg2 28. Rd1 Rh8+ 29. Kg6 Rh1 0-1